 Dungeon Crawl Stone Soup version 0.18.1-8-gdd0e5ea (webtiles) character file.

1073 epen the Chopper (level 8, -1/70 HPs)
             Began as a Hill Orc Fighter on May 21, 2016.
             Slain by Prince Ribbit (11 damage)
             ... on level 6 of the Dungeon.
             The game lasted 00:08:49 (5322 turns).

epen the Chopper (Hill Orc Fighter)                 Turns: 5322, Time: 00:08:50

Health: -1/70      AC:  9    Str: 21    XL:     8   Next: 29%
Magic:  8/8        EV:  6    Int:  8    God:
Gold:   287        SH:  0    Dex: 10    Spells: 0 memorised, 7 levels left

rFire  . . .     SeeInvis .     a - +0 war axe
rCold  + . .     Gourm    .     b - +0 scale mail
rNeg   . . .     Faith    .     (no shield)
rPois  .         Spirit   .     g - +0 helmet
rElec  .         Dismiss  .     (no cloak)
rCorr  .         Reflect  .     x - +0 pair of gloves (curse)
SustAt .         Harm     .     (no boots)
MR     +....                    r - amulet of rage
Stlth  ..........               B - ring of protection from cold
                                u - ring of protection from magic

@: somewhat resistant to hostile enchantments, extremely unstealthy
A: no striking features
a: Evoke Berserk Rage


You were on level 6 of the Dungeon.
You were not hungry.

You visited 1 branch of the dungeon, and saw 6 of its levels.

You collected 287 gold pieces.

Inventory:

Hand Weapons
 a - a +0 war axe (weapon)
Armour
 b - a +0 scale mail (worn)
 c - a +0 shield
 g - a +0 helmet (worn)
 x - a cursed +0 pair of gloves (worn)
 E - a +0 crystal plate armour
Jewellery
 r - an amulet of rage (around neck)
 u - a ring of protection from magic (left hand)
 B - a ring of protection from cold (right hand)
Scrolls
 e - 3 scrolls of magic mapping {unknown}
 j - 7 scrolls of teleportation {unknown}
 k - 2 scrolls of immolation {unknown}
 l - a scroll of recharging {unknown}
 m - a scroll of remove curse {unknown}
 n - a scroll of enchant weapon {unknown}
 o - 8 scrolls of identify {unknown}
 p - 2 scrolls of noise {unknown}
 t - a scroll of fog {unknown}
 v - a scroll of amnesia {unknown}
 y - a scroll of random uselessness {unknown}
 C - a scroll of fear {unknown}
Potions
 d - 2 potions of might
 h - a potion of curing {unknown}
 q - 2 potions of brilliance {unknown}
 s - a potion of berserk rage {unknown}
 w - a potion of resistance {unknown}
 A - a potion of lignification {unknown}
 D - a potion of cure mutation {unknown}
Comestibles
 f - 7 bread rations
 i - 2 beef jerkies
 z - a fruit
 F - a meat ration


   Skills:
 + Level 5.7 Fighting
 * Level 7.7 Axes
 + Level 5.0 Armour
 * Level 4.5 Dodging
 - Level 3.2 Shields


You had 7 spell levels left.
You didn't know any spells.

Dungeon Overview and Level Annotations

Branches:
Dungeon (6/15)
 Temple: D:4-7

Altars:
Ashenzari
Cheibriados
Okawaru
The Shining One

Shops:
D:4 [

Annotations:
D:5 barakagiga's ghost, novice DEIE
D:6 Prince Ribbit


Message History

Prince Ribbit closely misses you. Prince Ribbit hits you!
Prince Ribbit blinks!
There is a stone staircase leading up here.
Prince Ribbit blinks!
You miss Prince Ribbit.
Prince Ribbit is heavily wounded.
Prince Ribbit blinks! x2
Prince Ribbit blinks!
Prince Ribbit blinks!
Prince Ribbit blinks!
Prince Ribbit blinks!
You hit Prince Ribbit.
Prince Ribbit is heavily wounded.
Prince Ribbit hits you.
Prince Ribbit blinks!
Prince Ribbit hits you!
Prince Ribbit croaks regally.
Prince Ribbit hits you!
* * * LOW HITPOINT WARNING * * *
Prince Ribbit hits you!
You die...

#.#########... #.
#######............. #..
#....)..............
#...#.######............
###...#.######............
.............#............
...).........#.........###
....#...F....#.........###
... #....@...####.###.###.
.. #........# #.# #.#... .
#........# #.# #.#.#.
#........# #.###...#<
#........# #.#.......
#........####.#.......
#####.........#.......
#.....#####.......
#.....#####.......


You could see Prince Ribbit.

Vanquished Creatures
  Sigmund (D:4)
  A black bear (D:6)
  A phantom (D:5)
  An ogre (D:4)
  A necrophage (D:6)
  A scorpion (D:4)
  2 crimson imps (D:6)
  2 hounds (D:5)
  A giant frog zombie (D:5)
  A jelly (D:6)
  2 orc wizards (D:3)
  An iguana (D:4)
  2 worker ants (D:4)
  A gnoll (D:4)
  9 adders
  An ooze (D:1)
  An adder skeleton (D:5)
  2 dart slugs (D:1)
  4 giant geckos
  6 orcs
  2 ball pythons
  8 bats
  3 giant cockroaches
  12 goblins
  10 hobgoblins
  6 jackals
  3 kobolds
  2 quokkas (D:2)
  3 giant newts
  3 quokka skeletons
  6 rats
99 creatures vanquished.

Notes
Turn   | Place    | Note
--------------------------------------------------------------
     0 | D:1      | epen the Hill Orc Fighter began the quest for the Orb.
     0 | D:1      | Reached XP level 1. HP: 19/19 MP: 1/1
    86 | D:1      | Reached skill level 3 in Axes
   100 | D:1      | Reached XP level 2. HP: 21/27 MP: 2/2
   245 | D:1      | You fall through a shaft!
   288 | D:2      | Reached skill level 1 in Dodging
   589 | D:1      | Reached XP level 3. HP: 32/33 MP: 3/3
  1229 | D:2      | Reached XP level 4. HP: 40/40 MP: 4/4
  1344 | D:2      | Found a faded altar to an unknown god.
  1478 | D:3      | Found a glowing golden altar of the Shining One.
  1506 | D:3      | Reached skill level 4 in Axes
  1772 | D:3      | Noticed an ice beast
  2100 | D:3      | Reached XP level 5. HP: 30/47 MP: 5/5
  2493 | D:4      | Reached skill level 5 in Axes
  2522 | D:4      | Reached XP level 6. HP: 42/53 MP: 6/6
  3056 | D:4      | Reached skill level 5 in Fighting
  3272 | D:4      | Noticed Sigmund
  3292 | D:4      | Killed Sigmund
  3292 | D:4      | Reached skill level 6 in Axes
  3292 | D:4      | Reached XP level 7. HP: 21/61 MP: 7/7
  3525 | D:4      | Found a snail-covered altar of Cheibriados.
  3591 | D:4      | Found Nyclocy's Armour Boutique.
  3694 | D:4      | Found an iron altar of Okawaru.
  3828 | D:5      | Entered Level 5 of the Dungeon
  3988 | D:5      | Found a shattered altar of Ashenzari.
  4407 | D:5      | Reached skill level 7 in Axes
  4472 | D:5      | Noticed barakagiga's ghost (novice DEIE)
  4803 | D:6      | Reached XP level 8. HP: 53/69 MP: 8/8
  4903 | D:6      | Noticed Prince Ribbit
  5226 | D:6      | Reached skill level 5 in Armour
  5322 | D:6      | Slain by Prince Ribbit

Skill      XL: |  1  2  3  4  5  6  7  8 |
---------------+-------------------------+-----
Axes           | 3 4 5 6 7 |  7.7
Dodging        | 1 2 3 4 |  4.5
Fighting       | 4 5 |  5.7
Armour         | 4 5 |  5.0
Shields        | |  3.2

Action                   |  1- 3 |  4- 6 |  7- 9 || total
-------------------------+-------+-------+-------++-------
Melee: War axe           |    99 |   156 |   161 ||   416
  Eat: Chunk             |     1 |     7 |     3 ||    11
       Meat ration       |       |       |     1 ||     1
Armor: Scale mail        |    58 |    78 |    59 ||   195
Dodge: Dodged            |    64 |    90 |   111 ||   265
